AoeStats
← Solopetrosky

Nomad

510208362Analyzed
3v3 RM · 1d ago on Sep 30, 2026· 43m 35s· 6 players
Game mode
Random Map
Map size
210×210
Population
200
Speed
Normal
Resources
Standard
Victory
Conquest
Starting age
Dark Age
Ending age
Imperial Age
RankedLock teamsTeams togetherTeam positionsShared explorationLock speedFull tech treeHidden civsTurbo modeCheats
Victory
Defeat
🇨🇴 Koreans · Colombia
1409
+16
🇨🇴 Berbers · Colombia
1358
+18
🇨🇱 Persians · Chile
1301
+20
🇺🇸 Chinese · United States
1482
-21
🇺🇸 Mongols · United States
1465
-21
🇺🇸 Dravidians · United States
1253
-12
[Legacy]Julio.01
4:35 Loom
13:12 Feudal Age
17:01 Castle Age
16:25 Double-Bit Axe
18:57 Bow Saw
19:12 Fletching
27:34 Wheelbarrow
27:57 Town Watch
30:08 Ballistics
30:53 Bodkin Arrow
32:33 Husbandry
35:17 Imperial Age
33:13 Hand Cart
33:38 Padded Archer Armor
37:05 Chemistry
37:03 Bloodlines
38:12 Leather Archer Armor
38:21 Bracer
40:50 Ring Archer Armor
42:17 Thumb Ring
41:40 Elite Camel Archer
Solopetrosky
5:22 Loom
13:39 Feudal Age
17:35 Castle Age
16:12 Double-Bit Axe
16:20 Horse Collar
16:39 Fletching
18:49 Wheelbarrow
22:47 Bow Saw
22:30 Stone Mining
27:28 Bodkin Arrow
33:34 Imperial Age
31:31 Ballistics
32:47 Gold Mining
33:56 Hand Cart
34:38 Conscription
35:29 Chemistry
35:55 Bracer
36:14 Elite War Wagon
Condorito
4:58 Loom
13:22 Feudal Age
18:01 Castle Age
17:47 Forging
17:43 Scale Barding Armor
20:15 Iron Casting
25:38 Chain Barding Armor
31:34 Stone Mining
31:33 Double-Bit Axe
32:17 Husbandry
43:57 Gold Mining
YOGRANNYCANTSCRAP
4:01 Loom
14:52 Feudal Age
18:32 Castle Age
16:19 Double-Bit Axe
17:50 Bloodlines
19:14 Scale Barding Armor
19:47 Light Cavalry
22:25 Forging
28:15 Fishing Lines
30:35 Wheelbarrow
32:50 Fletching
37:46 Imperial Age
36:03 Bow Saw
37:14 Chain Barding Armor
37:29 Iron Casting
37:55 Husbandry
38:55 Gold Mining
40:35 Ballistics
Ike
13:19 Feudal Age
14:57 Fletching
15:19 Forging
15:36 Double-Bit Axe
21:48 Castle Age
22:53 Scale Mail Armor
23:03 Pikeman
25:01 Chain Mail Armor
25:16 Horse Collar
32:30 Fishing Lines
37:35 Iron Casting
The Daunting Knight
3:46 Loom
15:56 Feudal Age
16:22 Fishing Lines
16:46 Gold Mining
20:57 Castle Age
19:01 Stone Mining
19:05 Gold Mining
19:06 Stone Mining
20:47 Fletching
21:51 Stone Mining
21:49 Double-Bit Axe
22:05 Bodkin Arrow
22:10 Padded Archer Armor
22:54 Gold Shaft Mining
27:01 Gillnets
28:13 Leather Archer Armor
29:23 Stone Shaft Mining
30:16 Wheelbarrow
38:48 Ballistics
39:34 Hand Cart
Connection lost

Rejoining the realm…

Still unreachable

The connection could not be restored.

Session expired

The server has moved on; the page needs a fresh start.